 Dungeon Crawl Stone Soup version 0.16-a0-3325-g64f94fb (webtiles) character file.

88 Minkie the Conjurer (level 4, 0/30 HPs)
             Began as a Mummy Conjurer on Dec 27, 2014.
             Slain by an adder (1 damage)
             ... on level 2 of the Dungeon.
             The game lasted 00:09:15 (2409 turns).

Minkie the Conjurer (Mummy Conjurer)                Turns: 2409, Time: 00:09:15

Health: 0/30       AC:  2    Str: 11    XL:     4   Next: 29%
Magic:  0/7        EV: 12    Int: 15    God:
Gold:   86         SH:  0    Dex: 12    Spells: 1 memorised, 6 levels left

rFire  x . .     SeeInvis .     e - +1 whip (vamp)
rCold  + . .     Clarity  .     a - +0 robe
rNeg   + + +     SustAb   .     (no shield)
rPois  ∞         Gourm    .     (no helmet)
rElec  .         Spirit   .     (no cloak)
rCorr  .         Warding  .     (no gloves)
rMut   .         Stasis   .     (no boots)
MR     .....                    (no amulet)
Stlth  ++........               (no ring)
                                (no ring)

@: not resistant to hostile enchantments, unstealthy
A: no food or potions, fire vulnerability, restore body, cold resistance 1,
negative energy resistance 3, poison resistance, torment resistance, unbreathing
a: no special abilities


You were on level 2 of the Dungeon.
You were not hungry.

You visited 1 branch of the dungeon, and saw 2 of its levels.

You collected 86 gold pieces.

Inventory:

Hand weapons
 e - a +1 vampiric whip (weapon)
Armour
 a - a +0 robe (worn)
Scrolls
 b - a scroll of remove curse {unknown}
 d - 2 scrolls of identify {unknown}
 f - a scroll of teleportation {unknown}
Books
 c - a book of Conjurations

   Spells                             Type                      Level
   a - Magic Dart                     Conjuration                  1
   b - Searing Ray                    Conjuration                  2
   c - Dazzling Spray                 Conjuration/Hexes            3
   d - Fulminant Prism                Conjuration/Hexes            4
   e - Iskenderun's Mystic Blast      Conjuration                  4
   f - Iskenderun's Battlesphere      Conjuration/Charms           5


   Skills:
 - Level 1.5 Dodging
 - Level 1.5 Stealth
 - Level 2.0 Spellcasting
 + Level 4.8 Conjurations


You had 6 spell levels left.
You knew the following spells:

 Your Spells              Type           Power        Failure   Level  Hunger
a - Magic Dart            Conj           ###.         3%          1    N/A

Dungeon Overview and Level Annotations

Branches:
Dungeon (2/15)

Altars:

Annotations:
D:2 Ijyb


Innate Abilities, Weirdness & Mutations

You do not eat or drink.
Your flesh is vulnerable to fire.
Your flesh is cold resistant.
You are immune to negative energy.
Your system is resistant to poisons.
You are immune to unholy pain and torment.
You can survive without breathing.


Message History

Aim: an adder (almost dead)
The magic dart hits the adder.
The adder is almost dead.
The rat closely misses you. The adder barely misses you.
You closely miss the adder.
The adder is almost dead.
The rat bites you.
* * * LOW HITPOINT WARNING * * *
The adder bites you.
* * * LOW HITPOINT WARNING * * *
The rat bites you but does no damage.
You hit the adder.
The adder is almost dead.
The adder closely misses you. The adder bites you.
* * * LOW HITPOINT WARNING * * *
The rat bites you but does no damage.
You completely miss the adder.
The adder is almost dead.
The adder bites you.
You die...

#....####...........## ..#
........#..........#####..#
.........................>#
........#........#.#####...#
........#......#.#.# ...#
.....).[#####!#..#.# .....
........# #.##.#.# ...###
######### #......# ...# #
####@### .#.# #
###########S# .#..
#..........r# . g#####
#.##########....r... .......
#.........# .......
#.........# .......
#.........##.......
#..........#......
######..........#....(


You could see an adder and a rat.

Vanquished Creatures
  A giant mite (D:2)
  A worm (D:2)
  3 adders (D:2)
  2 giant geckos (D:1)
  2 oozes (D:2)
  5 bats
  3 giant cockroaches
  9 goblins
  4 hobgoblins
  4 jackals (D:1)
  A ball python (D:2)
  4 giant newts
  4 kobolds
  3 rats
46 creatures vanquished.

Notes
Turn   | Place    | Note
--------------------------------------------------------------
     0 | D:1      | Minkie, the Mummy Conjurer, began the quest for the Orb.
     0 | D:1      | Reached XP level 1. HP: 13/13 MP: 3/3
   305 | D:1      | Reached XP level 2. HP: 19/19 MP: 0/4
   653 | D:1      | Reached skill level 4 in Conjurations
   857 | D:1      | Reached XP level 3. HP: 20/24 MP: 0/6
  1237 | D:2      | Noticed Ijyb
  2128 | D:2      | Reached XP level 4. HP: 30/30 MP: 3/7
  2407 | D:2      | HP: 1/30 [adder (3)]
  2409 | D:2      | Slain by an adder

Action                   |  1- 3 |  4- 6 || total
-------------------------+-------+-------++-------
Melee: Unarmed           |     3 |       ||     3
       Short sword       |    45 |       ||    45
       Whip              |    17 |    12 ||    29
 Cast: Magic Dart        |    86 |    22 ||   108
 Stab: Sleeping          |     1 |     1 ||     2
